 Dungeon Crawl Stone Soup version 0.28-a0-697-g47f3eba078 (webtiles) character file.

Game seed: 4824948776346438818

253 KoroneIsBestGirl the Chiller (level 6, -2/41 HPs)
             Began as a Barachi Ice Elementalist on Oct 23, 2021.
             Was a Priest of Lugonu.
             Slain by a water moccasin zombie (6 damage)
             ... in an ossuary.
             The game lasted 00:04:40 (4150 turns).

KoroneIsBestGirl the Chiller (BaIE)                 Turns: 4150, Time: 00:04:40

Health: -2/41      AC:  4    Str: 10    XL:     6   Next: 14%
Magic:  3/12       EV: 13    Int: 23    God:    Lugonu [***...]
Gold:   197        SH:  0    Dex: 12    Spells: 9/13 levels left

rFire   . . .      SeeInvis .   b - +0 dagger (venom)
rCold   . . .      Faith    .   (no shield)
rNeg    . . .      Spirit   .   a - +0 robe
rPois   +          Reflect  .   (no helmet)
rElec   .          Harm     .   j - +0 cloak
rCorr   .          Rampage  .   r - +0 pair of gloves
Will    .....                   (no boots)
Stlth   ++........              d - amulet of regeneration
HPRegen 1.13/turn               m - +6 ring of intelligence
MPRegen 0.13/turn               n - ring of poison resistance

@: slow
A: amphibious, slowness 1, strong legs 1, +LOS
a: Hop, Renounce Religion, Depart the Abyss, Bend Space, Banish


You were in an ossuary.
You worshipped Lugonu.
Lugonu was most pleased with you.
You visited 1 branch of the dungeon, and saw 5 of its levels.
You also visited: Ossuary.

You collected 197 gold pieces.

Inventory:

Hand Weapons
 b - a +0 dagger of venom (weapon)
Armour
 a - a +0 robe (worn)
 j - a +0 cloak (worn)
 r - a +0 pair of gloves (worn)
Jewellery
 d - an amulet of regeneration (around neck)
 m - a +6 ring of intelligence (left hand)
 n - a ring of poison resistance (right hand)
 p - a +6 ring of strength
Scrolls
 c - 3 scrolls of enchant weapon {unknown}
 f - a scroll of immolation {unknown}
 g - a scroll of fog {unknown}
 h - a scroll of noise {unknown}
 i - a scroll of teleportation {unknown}
 k - 3 scrolls of identify {unknown}
 o - a scroll of torment {unknown}
Potions
 e - a potion of mutation {unknown}
 l - a potion of lignification {unknown}
 q - a potion of curing {unknown}
 s - a potion of invisibility {unknown}


   Skills:
 + Level 4.2 Dodging
 - Level 1.7 Stealth
 + Level 4.0 Spellcasting
 + Level 6.4 Ice Magic


You had 9 spell levels left.
You knew the following spells:

 Your Spells              Type           Power      Damage    Failure   Level
a - Freeze                Ice            100%       1d11      1%          1
b - Frozen Ramparts       Ice            68%        1d8       2%          3

Your spell library contained the following spells:

 Spells                   Type           Power      Damage    Failure   Level
 Ozocubu's Armour         Ice            34%        N/A       2%          3
 Corpse Rot               Necr/Air       8%         N/A       16%         2
 Slow                     Hex            4%         N/A       16%         2
 Hailstorm                Conj/Ice       19%        3d6       28%         4
 Confusing Touch          Hex            4%         N/A       30%         3
 Dispel Undead            Necr           4%         3d7       71%         4
 Yara's Violent Unravell  Hex/Tmut       2%         3d3       96%         5
 Death Channel            Necr           2%         N/A       100%        6


Dungeon Overview and Level Annotations

Branches:
Dungeon (5/15)            Ossuary (1/1)
 Temple: D:4-7

Altars:
Cheibriados
Kikubaaqudgha
Makhleb
Ru
Lugonu


Innate Abilities, Weirdness & Mutations

You are amphibious.
You cover ground slowly.
You can hop short distances.
You have an extended range of vision and can be seen from far away.


Message History

The water moccasin zombie bites you.
* * * LOW HITPOINT WARNING * * *
Unknown command.
You hit the water moccasin zombie.
The water moccasin zombie is almost destroyed.
The water moccasin zombie completely resists.
The wall freezes the water moccasin zombie but does no damage.
The water moccasin zombie closely misses you.
The water moccasin zombie completely resists.
The wall freezes the water moccasin zombie but does no damage.
The water moccasin zombie closely misses you.
You closely miss the water moccasin zombie.
The water moccasin zombie is almost destroyed.
The water moccasin zombie completely resists.
The wall freezes the water moccasin zombie but does no damage.
The water moccasin zombie barely misses you.
Unknown command.
You closely miss the water moccasin zombie.
The water moccasin zombie is almost destroyed.
The water moccasin zombie resists.
The wall freezes the water moccasin zombie.
The water moccasin zombie closely misses you.
Unknown command.
You hit the water moccasin zombie.
The water moccasin zombie is almost destroyed.
The water moccasin zombie completely resists.
The wall freezes the water moccasin zombie but does no damage.
The water moccasin zombie barely misses you.
Unknown command.
You barely miss the water moccasin zombie.
The water moccasin zombie is almost destroyed.
The water moccasin zombie completely resists.
The wall freezes the water moccasin zombie but does no damage.
The water moccasin zombie bites you.
* * * LOW HITPOINT WARNING * * *
Unknown command.
You hit the water moccasin zombie.
The water moccasin zombie is almost destroyed.
The frozen ramparts melt away.
The water moccasin zombie bites you.
You die...

##### ###
#...#...#
#..@Z...#
#...#...+
###'# ###
#...#
#...#
#...#
#...#
###'#
#...#


You could see a water moccasin zombie.

Vanquished Creatures
  A kobold brigand (D:4)
  A water moccasin zombie (Ossuary)
  3 adders
  2 adder zombies
  4 worms
  A dart slug (D:2)
  5 orcs (D:3)
  6 endoplasms
  3 giant cockroaches
  4 hobgoblins
  8 jackals
  2 quokkas
  A ball python (D:3)
  7 bats
  3 frilled lizards
  4 gnoll zombies (Ossuary)
  4 goblins
  A hobgoblin zombie (Ossuary)
  5 kobolds
  3 kobold zombies (Ossuary)
  6 rats
74 creatures vanquished.

Vanquished Creatures (others)
  A plant (D:1)
1 creature vanquished.

Grand Total: 75 creatures vanquished

Notes
Turn   | Place    | Note
-------+----------+-------------------------------------------
     0 | D:1      | KoroneIsBestGirl the Barachi Ice Elementalist began the
                  | quest for the Orb.
     0 | D:1      | Reached XP level 1. HP: 13/13 MP: 3/3
   506 | D:1      | Reached skill level 5 in Ice Magic
   506 | D:1      | Reached XP level 2. HP: 19/19 MP: 3/5
  1061 | D:1      | Reached XP level 3. HP: 24/24 MP: 4/7
  1341 | D:1      | Found a faded altar of an unknown god.
  1455 | D:1      | Prayed at the altar of an unknown god.
  1455 | D:1      | Became a worshipper of Lugonu the Unformed
  1455 | D:1      | Reached * piety under Lugonu
  1455 | D:1      | Reached ** piety under Lugonu
  1699 | D:2      | Learned a level 3 spell: Frozen Ramparts
  2291 | D:2      | Reached XP level 4. HP: 27/30 MP: 5/8
  2830 | D:3      | Reached *** piety under Lugonu
  3384 | D:4      | Found a sacrificial altar of Ru.
  3385 | D:4      | Found a snail-covered altar of Cheibriados.
  3670 | D:4      | Noticed a phantom
  3698 | D:4      | Noticed a kobold brigand
  3702 | D:4      | Killed a kobold brigand
  3703 | D:4      | Reached skill level 6 in Ice Magic
  3703 | D:4      | Reached XP level 5. HP: 25/35 MP: 3/10
  3873 | D:4      | Found a burning altar of Makhleb.
  3873 | D:4      | Found an ancient bone altar of Kikubaaqudgha.
  3951 | D:5      | Entered Level 5 of the Dungeon
  4003 | D:5      | Found a sand-covered staircase.
  4013 | D:5      | Noticed an ogre
  4016 | Ossuary  | Entered an ossuary
  4131 | Ossuary  | Reached XP level 6. HP: 14/41 MP: 7/12
  4150 | Ossuary  | Slain by a water moccasin zombie

Illustrated notes

Levels and vault maps discovered:
D:1:      scummos_arrival_forest, layout_basic, shapermc_ecumenical_altar_ellora
D:2:      layout_basic
D:3:      layout_loops_ring
D:4:      wad_crossroads, layout_loops_corners, led_sif_book,
          gammafunk_temple_overflow_elements, grunt_temple_overflow_open,
          minmay_temple_entry_drinking_statues
D:5:      layout_loops_ring, grunt_temple_overflow_opulence, enter_ossuary_1
Ossuary:  ossuary_tomb_2

Skill      XL: |  1  2  3  4  5 |
---------------+----------------+-----
Ice Magic      | 5 6 |  6.4
Dodging        | 3 4 |  4.2
Spellcasting   | 3 4 |  4.0
Stealth        | |  1.7

Action                   |  1- 3 |  4- 6 || total
-------------------------+-------+-------++-------
Melee: Dagger            |    28 |    92 ||   120
 Cast: Freeze            |    51 |    44 ||    95
       Frozen Ramparts   |     1 |     8 ||     9
 Abil: Hop               |     1 |       ||     1
Armor: Robe              |    10 |    22 ||    32
Dodge: Dodged            |    46 |    75 ||   121

Table legend: (Time is in decaauts)
 A = Elapsed time spent in this place.
 B = Non-inter-level travel time spent in this place.
 C = Inter-level travel time spent in this place.
 D = Time resting spent in this place.
 E = Time spent auto-exploring this place.
 F = Levels seen in this place.
 G = Mean time per level.
                   A        B        C        D        E       F      G
               +--------+--------+--------+--------+--------+-----+--------+
         Total |   4612 |   4438 |    174 |      0 |   3860 |   6 |  768.7 |
       Dungeon |   4474 |   4300 |    174 |      0 |   3810 |   5 |  894.8 |
       Ossuary |    137 |    137 |      0 |      0 |     50 |   1 |  137.0 |
               +--------+--------+--------+--------+--------+-----+--------+

Top non-repeatable levels by time:
     D:1: 1636 daAuts
     D:2: 1186 daAuts
     D:3: 932 daAuts
     D:4: 646 daAuts
 Ossuary: 137 daAuts
     D:5: 73 daAuts
